[Event "Titled Tuesday Blitz November 08 Late 2022"]
[White "Salman, Pavel"]
[Black "Wirig, Anthony"]
[WhiteFideId "24153753"]
[BlackFideId "615013"]
[WhiteElo "2187"]
[BlackElo "2487"]
[Result "0-1"]
[Round "04"]
[TimeControl "180+1"]
[Date "2022.11.09"]
[WhiteClock "0:00:05"]
[BlackClock "0:00:10"]

1. Nf3 Nf6 2. g3 Nc6 3. Bg2 e5 4. d3 d5 5. O-O Be7 6. c4 d4 7. a3 a5 8. Nbd2 O-O 9. Ne1 Bf5 10. Nc2 Bc5 11. Rb1 a4 12. b4 axb3 13. Nxb3 Be7 14. Bd2 Ra7 15. Nb4 Nb8 16. Qc1 c6 17. e4 Bc8 18. f4 Ng4 19. h3 Ne3 20. Bxe3 dxe3 21. fxe5 Bg5 22. Qb2 Na6 23. d4 h5 24. Nd3 h4 25. g4 Nc7 26. d5 Na6 27. Nd4 g6 28. Rf3 Qa5 29. Nb3 Qb6 30. Qe2 Nc7 31. c5 Qb5 32. Nd2 exd2 33. Rxb5 Nxb5 34. Nf4 Nd4 35. Qxd2 Nxf3+ 36. Bxf3 Rxa3 37. Kg2 Bd7 38. Qb2 Rfa8 39. Ne2 Ra2 40. Qxb7 Be8 41. dxc6 R2a7 42. Qb6 Ra6 43. Qb5 Bxc6 44. Qd3 Ra3 45. Qd6 R3a6 46. e6 Be8 47. exf7+ Bxf7 48. Qe5 Bf6 49. Qf4 Re8 50. g5 Be5 51. Qxh4 Rc6 52. Qf2 Rec8 53. h4 Rxc5 54. Bg4 R8c7 55. Qe3 Rc2 56. Kf3 R2c3 57. Nxc3 Rxc3 58. Qxc3 Bxc3 59. Kf4 Kf8 60. e5 Ke7 61. Ke4 Be8 62. Kd3 Be1 63. Ke4 Bxh4 64. Bf5 Bxg5 65. Bg4 Bh4 66. Kf3 Be1 67. Bh3 Bc3 68. e6 Bc6+ 69. Kf4 Kf6 70. Bg4 Bd2+ 71. Kg3 Bd5 72. e7 Kxe7 73. Be2 Bc3 74. Kg4 Kf6 75. Bd3 g5 76. Bc2 Be6+ 77. Kg3 Be5+ 78. Kg2 g4 79. Be4 g3 80. Ba8 Kg5 81. Bb7 Kh4 82. Ba8 Bh3+ 83. Kg1 Bd4+ 84. Kh1 Be5 85. Bb7 Kg5 86. Kg1 Kf4 87. Ba8 Ke3 88. Bb7 Kd2 89. Ba8 Ke1 90. Bb7 Bd4+ 91. Kh1 Kf2 92. Ba8 g2+ 93. Kh2 g1=Q+ 0-1


[Site "https://www.chess.com"]

[Event "Titled Tuesday Blitz November 08 Late 2022"]
[White "Santos Flores, Alberto"]
[Black "Shapiro, Daniel"]
[WhiteFideId "3601234"]
[BlackFideId "2001780"]
[WhiteElo "2235"]
[BlackElo "2292"]
[Result "1-0"]
[Round "04"]
[TimeControl "180+1"]
[Date "2022.11.09"]
[WhiteClock "0:00:36"]
[BlackClock "0:00:04"]

1. e4 e5 2. Nf3 Nc6 3. Bc4 Be7 4. d3 d6 5. c3 Nf6 6. O-O h6 7. Re1 O-O 8. h3 Be6 9. Bb3 Qd7 10. Nbd2 Kh7 11. Nf1 g5 12. g4 Bxg4 13. hxg4 Qxg4+ 14. Ng3 Nd8 15. Nh2 Qh3 16. Nf5 Ng8 17. Qf3 Qxf3 18. Nxf3 Ne6 19. Kg2 Rae8 20. Rh1 Kg6 21. Be3 Bd8 22. Rag1 Nf4+ 23. Bxf4 exf4 24. Kf1 c6 25. Rg2 d5 26. Nd2 dxe4 27. dxe4 Bf6 28. f3 Rd8 29. Bc2 h5 30. Nc4 Ne7 31. Nxe7+ Bxe7 32. e5+ Kh6 33. Rxh5+ Kg7 34. Rh7+ Kg8 35. Rgh2 f5 36. Bb3 Rd5 37. Rxe7 b5 38. Nd6 g4 39. Bxd5+ cxd5 40. Rhh7 1-0


[Site "https://www.chess.com"]

[Event "Titled Tuesday Blitz November 08 Late 2022"]
[White "Sargsyan, Anna M."]
[Black "Haszon, David"]
[WhiteFideId "13308130"]
[BlackFideId "733610"]
[WhiteElo "2284"]
[BlackElo "2211"]
[Result "1-0"]
[Round "04"]
[TimeControl "180+1"]
[Date "2022.11.09"]
[WhiteClock "0:00:56"]
[BlackClock "0:00:43"]

1. d4 Nf6 2. c4 e6 3. Nf3 d5 4. Nc3 Nbd7 5. Bg5 c6 6. e3 Be7 7. Qc2 O-O 8. Rd1 a6 9. h3 h6 10. Bh4 Nh5 11. Bxe7 Qxe7 12. Bd3 f5 13. cxd5 exd5 14. Bxf5 Nb6 15. Bxc8 Raxc8 16. Ne5 Rf6 17. O-O g5 18. Qb3 Qd8 19. Ne4 Rf8 20. Nc5 Re8 21. Nxb7 Qc7 22. Nc5 Nf6 23. Nxa6 Qa7 24. Nc5 Kg7 25. Qc2 Ne4 26. Nxe4 dxe4 27. Qxe4 Re6 28. f4 Nd5 29. fxg5 hxg5 30. Rf5 Qe7 31. Rdf1 1-0


[Site "https://www.chess.com"]

[Event "Titled Tuesday Blitz November 08 Late 2022"]
[White "Schuster, Karsten"]
[Black "Veiga, Jose Francisco R P Neves"]
[WhiteFideId "4611071"]
[BlackFideId "1930087"]
[WhiteElo "2294"]
[BlackElo "2320"]
[Result "0-1"]
[Round "04"]
[TimeControl "180+1"]
[Date "2022.11.09"]
[WhiteClock "0:00:32"]
[BlackClock "0:00:44"]

1. d4 Nf6 2. c4 g6 3. Nc3 d5 4. Nf3 Bg7 5. h4 c6 6. cxd5 cxd5 7. Bf4 Nc6 8. e3 O-O 9. Ne5 Bf5 10. Be2 Ne4 11. Nxc6 bxc6 12. Nxe4 Bxe4 13. Kf1 Qb6 14. b3 c5 15. Be5 Bxe5 16. dxe5 d4 17. exd4 cxd4 18. Bc4 Rad8 19. h5 d3 20. hxg6 Qxg6 21. f3 Bd5 22. Bxd3 Bxf3 23. Bxg6 Bxd1 24. Bxh7+ Kg7 25. Be4 f5 26. exf6+ Rxf6+ 27. Ke1 Re6 28. Rh4 Bc2 29. Kf2 Rxe4 30. Rxe4 Bxe4 31. Re1 Rd4 32. Ke3 e5 33. g3 Kf6 34. Rc1 Bf5 35. Rc7 Rd3+ 36. Ke2 Rd7 37. Rc6+ Kg5 38. Rc5 e4 39. a4 Kg4 40. b4 Rd4 41. Rb5 Rd3 42. Ra5 Rb3 43. b5 Kxg3 44. Rxa7 Kf4 45. Rf7 Rb2+ 46. Kd1 e3 47. Rf6 e2+ 48. Ke1 Ke3 0-1


[Site "https://www.chess.com"]

[Event "Titled Tuesday Blitz November 08 Late 2022"]
[White "Sebag, Marie"]
[Black "Bogaudinov, Rushan"]
[WhiteFideId "617822"]
[BlackFideId "4129288"]
[WhiteElo "2440"]
[BlackElo "1997"]
[Result "1-0"]
[Round "04"]
[TimeControl "180+1"]
[Date "2022.11.09"]
[WhiteClock "0:00:06"]
[BlackClock "0:00:01"]

1. c4 c5 2. Nc3 Nc6 3. g3 e6 4. Bg2 Nf6 5. e3 d5 6. cxd5 Nxd5 7. Nge2 Be7 8. O-O O-O 9. a3 b6 10. b3 Bb7 11. Bb2 Nxc3 12. Nxc3 Bf6 13. Rc1 Na5 14. Bxb7 Nxb7 15. Qc2 Rc8 16. Rfd1 Qe7 17. f4 Rfd8 18. Kg2 h5 19. d3 Nd6 20. e4 Bd4 21. Ne2 Bxb2 22. Qxb2 Nb5 23. a4 Nd6 24. Qe5 g6 25. h3 Ne8 26. g4 hxg4 27. hxg4 Qh4 28. Qg5 Qxg5 29. fxg5 Nc7 30. Kf3 e5 31. Ke3 Ne6 32. Nc3 Nxg5 33. Nd5 Kg7 34. Rh1 Ne6 35. Rh2 Nf4 36. Nxf4 exf4+ 37. Ke2 Kf6 38. Rf1 g5 39. Rh6+ Ke5 40. Rh5 f6 41. Rh7 Rd6 42. Re7+ Re6 43. Rxa7 Rh8 44. Rf2 Rh3 45. Rd7 Rd6 46. Re7+ Kd4 47. Rf3 Rxf3 48. Kxf3 Kxd3 49. e5 fxe5 50. Rxe5 Rg6 51. a5 bxa5 52. Rxc5 Kd4 53. Rxa5 Kc3 54. Rb5 Kd4 55. Rf5 Kc3 56. Rb5 Kd4 57. Rb8 Kc5 58. b4+ Kc6 59. Ke4 1-0


[Site "https://www.chess.com"]

[Event "Titled Tuesday Blitz November 08 Late 2022"]
[White "Silva, Caio Henrique Angelico"]
[Black "Ferreira, Vitor Hugo Vieira"]
[WhiteFideId "22777210"]
[BlackFideId "2119765"]
[WhiteElo "1990"]
[BlackElo "2168"]
[Result "0-1"]
[Round "04"]
[TimeControl "180+1"]
[Date "2022.11.09"]
[WhiteClock "0:00:13"]
[BlackClock "0:00:15"]

1. Nf3 Nf6 2. b3 d5 3. Bb2 c6 4. g3 Bg4 5. Bg2 Nbd7 6. O-O e6 7. c4 Be7 8. Nc3 O-O 9. Rc1 h6 10. d3 Qa5 11. a3 Rad8 12. b4 Qb6 13. Qa4 Rfe8 14. e4 dxe4 15. dxe4 Bxf3 16. Bxf3 Ne5 17. Be2 Nd3 18. Bxd3 Rxd3 19. e5 Ng4 20. c5 Bxc5 21. bxc5 Qxb2 22. Qc4 Nxe5 23. Qb4 Rd2 24. Ne4 Qxb4 25. axb4 Rd4 26. Nd6 Re7 27. Rb1 a6 28. Rfd1 Rxd1+ 29. Rxd1 Rd7 30. Rb1 f6 31. f4 Nf7 32. Nc4 e5 33. fxe5 Nxe5 34. Nd6 Nf7 35. Nc4 Re7 36. Rd1 Ne5 37. Rd8+ Kh7 38. Nd6 Nf7 39. Nxf7 Rxf7 40. Kf2 b6 41. Rc8 bxc5 42. bxc5 Ra7 43. Rxc6 a5 44. Rb6 a4 45. Rb2 a3 46. Ra2 Kg6 47. c6 Kf5 48. c7 Rxc7 49. Rxa3 Rc2+ 50. Kg1 Kg4 51. Ra4+ Kf3 52. Rf4+ Ke3 53. Rg4 g5 54. Rb4 f5 55. Rb6 f4 56. gxf4 gxf4 57. Rxh6 Rc1+ 58. Kg2 f3+ 59. Kg3 Rg1+ 60. Kh3 f2 61. Re6+ Kd4 62. Rf6 f1=Q+ 63. Rxf1 Rxf1 64. Kg4 Ke5 65. h4 Kf6 0-1


[Site "https://www.chess.com"]

[Event "Titled Tuesday Blitz November 08 Late 2022"]
[White "Sivakumar, Shaaketh"]
[Black "Fernandez De La Vara, Arnaldo"]
[WhiteFideId "30940176"]
[BlackFideId "3518388"]
[WhiteElo "2174"]
[BlackElo "2387"]
[Result "0-1"]
[Round "04"]
[TimeControl "180+1"]
[Date "2022.11.09"]
[WhiteClock "0:00:06"]
[BlackClock "0:00:37"]

1. d4 c5 2. d5 Nf6 3. Nc3 a6 4. a4 d6 5. e4 g6 6. Be3 Bg7 7. f3 Nbd7 8. Qd2 Rb8 9. a5 b5 10. axb6 Qxb6 11. Ra2 O-O 12. Nh3 e6 13. dxe6 fxe6 14. Be2 Bb7 15. O-O d5 16. exd5 exd5 17. Na4 Qc7 18. Bf4 Ne5 19. Nxc5 Qxc5+ 20. Kh1 d4 21. Ra5 Ne4 22. Rxc5 Nxd2 23. Bxd2 Rfc8 24. Bb4 a5 25. Rxa5 Rxc2 26. Bb5 Nc6 27. Bxc6 Bxc6 28. Ba3 d3 29. Rd1 d2 30. b3 Rxb3 31. Nf2 Bc3 32. Rc5 Rxa3 33. Rxc6 Rc1 34. Rc8+ Kg7 35. Rc7+ Kf8 36. Rc8+ Kf7 37. Rc7+ Ke8 38. Kg1 Rxd1+ 39. Nxd1 Ra1 40. Rxc3 Rxd1+ 41. Kf2 Rf1+ 42. Kxf1 d1=Q+ 43. Kf2 Qd2+ 0-1


[Site "https://www.chess.com"]

[Event "Titled Tuesday Blitz November 08 Late 2022"]
[White "Sohal, Tanraj"]
[Black "Yano, William Jorge Froes"]
[WhiteFideId "2608499"]
[BlackFideId "2112949"]
[WhiteElo "2200"]
[BlackElo "2122"]
[Result "1-0"]
[Round "04"]
[TimeControl "180+1"]
[Date "2022.11.09"]
[WhiteClock "0:00:21"]
[BlackClock "0:00:01"]

1. e4 e6 2. Nf3 d5 3. d3 Nf6 4. Nbd2 c5 5. g3 Nc6 6. Bg2 Be7 7. O-O O-O 8. Re1 a5 9. e5 Nd7 10. Nf1 a4 11. h4 b5 12. Bf4 b4 13. h5 Ba6 14. g4 c4 15. d4 c3 16. b3 axb3 17. axb3 Bxf1 18. Bxf1 Qb6 19. Be3 Qb7 20. Rxa8 Rxa8 21. Bd3 Ra2 22. g5 Nf8 23. Kg2 Qa8 24. Rh1 g6 25. hxg6 fxg6 26. Nh4 Nxe5 27. dxe5 d4+ 28. Nf3 dxe3 29. fxe3 Bxg5 30. e4 Qd8 31. Qe2 Bf4 32. Rh4 g5 33. Rh5 Ng6 34. Bc4 Bxe5 35. Bxe6+ Kh8 36. Nxe5 Nf4+ 37. Kf3 Nxe2 38. Nf7+ Kg7 39. Nxd8 Rxc2 40. Rxg5+ Kf6 41. Rd5 Ng1+ 42. Kg3 Ne2+ 43. Kg4 Rd2 44. Bf5 c2 45. e5+ Kg7 46. Ne6+ Kf7 47. Ng5+ Kf8 48. Rxd2 1-0


[Site "https://www.chess.com"]

[Event "Titled Tuesday Blitz November 08 Late 2022"]
[White "Souleidis, Georgios"]
[Black "Faizrakhmanov, Ramil"]
[WhiteFideId "4206827"]
[BlackFideId "24103209"]
[WhiteElo "2401"]
[BlackElo "2437"]
[Result "0-1"]
[Round "04"]
[TimeControl "180+1"]
[Date "2022.11.09"]
[WhiteClock "0:00:02"]
[BlackClock "0:00:07"]

1. e4 c6 2. d3 d5 3. Nf3 Qc7 4. Nc3 dxe4 5. dxe4 e5 6. Bc4 b5 7. Bb3 h6 8. O-O Nf6 9. Re1 Bc5 10. h3 O-O 11. Be3 Nbd7 12. a4 b4 13. Nb1 Bxe3 14. Rxe3 Nc5 15. Nbd2 Rd8 16. Qe1 a5 17. Bc4 Be6 18. Bxe6 Nxe6 19. Nc4 Nd4 20. Rc1 Nxf3+ 21. Rxf3 Rd4 22. Qe2 Rxe4 23. Re3 Rxe3 24. Qxe3 e4 25. Qc5 Nd7 26. Qf5 Nb6 27. Nxb6 Qxb6 28. Qxe4 Rd8 29. Re1 Qc5 30. b3 g6 31. g3 h5 32. h4 Rd5 33. Re2 Kg7 34. Kg2 Qd6 35. Qe3 c5 36. Qe4 Rf5 37. Qe3 Rf6 38. Qe5 Qc6+ 39. Qe4 Qd7 40. Qe5 Qc6+ 41. Qe4 Qb6 42. Qe5 Kh7 43. Qd5 Rf5 44. Qe4 Qf6 45. Qe3 Rd5 46. Qf3 Rf5 47. Qe4 Qd6 48. Qe7 Qd5+ 49. Qe4 Qd6 50. Qe7 Qc6+ 51. Qe4 Qb6 52. Qe7 c4 53. Qe4 c3 54. Qc4 Qf6 55. Qe4 Qd6 56. Qe8 Qd5+ 57. Qe4 Qd7 58. Kh2 Rf6 59. Qe7 Qf5 60. Qe3 Re6 61. Kg2 Rxe3 62. Rxe3 Qxc2 0-1


[Site "https://www.chess.com"]

[Event "Titled Tuesday Blitz November 08 Late 2022"]
[White "Sourath Biswas"]
[Black "De Souza, Cristiano Gomes"]
[WhiteFideId "35091484"]
[BlackFideId "2151758"]
[WhiteElo "2164"]
[BlackElo "2068"]
[Result "1-0"]
[Round "04"]
[TimeControl "180+1"]
[Date "2022.11.09"]
[WhiteClock "0:01:14"]
[BlackClock "0:00:58"]

1. d4 Nf6 2. Bf4 g6 3. e3 Bg7 4. h4 h6 5. Nc3 d6 6. Bd3 c6 7. f3 b5 8. g4 b4 9. Nce2 Nd5 10. Qd2 e5 11. dxe5 dxe5 12. Bg3 Qb6 13. Bf2 Qb7 14. e4 Nf4 15. Bc5 a5 16. Nxf4 exf4 17. c3 Nd7 18. Bd6 c5 19. Ne2 Qc6 20. Qxf4 Ba6 21. Rd1 Bxd3 22. Rxd3 O-O-O 23. Qxf7 Rhg8 24. O-O Be5 25. Rfd1 Rg7 26. Qe6 Bxd6 27. Rxd6 Qb7 28. Rc6+ Kb8 29. Qd6+ Ka7 30. Rc7 1-0


[Site "https://www.chess.com"]

[Event "Titled Tuesday Blitz November 08 Late 2022"]
[White "Suarez Uriel, Adrian"]
[Black "Clawitter, Craig"]
[WhiteFideId "22230874"]
[BlackFideId "2023105"]
[WhiteElo "2331"]
[BlackElo "2169"]
[Result "1-0"]
[Round "04"]
[TimeControl "180+1"]
[Date "2022.11.09"]
[WhiteClock "0:01:27"]
[BlackClock "0:00:06"]

1. d4 e6 2. c4 Nf6 3. Nf3 d5 4. g3 Be7 5. Bg2 O-O 6. O-O dxc4 7. a4 c5 8. dxc5 Qc7 9. Qc2 Qxc5 10. Be3 Qh5 11. Nbd2 Nc6 12. Nxc4 e5 13. Rfd1 Bh3 14. Bxh3 Qxh3 15. Ncxe5 Nxe5 16. Nxe5 Rac8 17. Qb3 Bc5 18. Rac1 Bxe3 19. Qxe3 Rfe8 20. Rxc8 Qxc8 21. Qd4 Qh3 22. b4 h5 23. e3 g6 24. Nf3 Ng4 25. Qxa7 Re6 26. Rd8+ Kh7 27. Qd4 Rf6 28. Ng5+ 1-0


[Site "https://www.chess.com"]

[Event "Titled Tuesday Blitz November 08 Late 2022"]
[White "Svane, Frederik"]
[Black "Ristic, Nebojsa B"]
[WhiteFideId "12923044"]
[BlackFideId "935468"]
[WhiteElo "2466"]
[BlackElo "2320"]
[Result "1-0"]
[Round "04"]
[TimeControl "180+1"]
[Date "2022.11.09"]
[WhiteClock "0:00:48"]
[BlackClock "0:00:27"]

1. d4 Nf6 2. Nc3 d6 3. e4 Nc6 4. Nf3 g6 5. Be2 Bg7 6. O-O O-O 7. d5 Nb8 8. a4 c6 9. dxc6 Nxc6 10. h3 b6 11. Re1 Bb7 12. Bf1 Rc8 13. Nd5 Nxd5 14. exd5 Ne5 15. c3 Nc4 16. Bg5 Re8 17. Ra2 Qc7 18. b3 Ne5 19. c4 h6 20. Bf4 Nxf3+ 21. Qxf3 e6 22. Rae2 e5 23. Bd2 f5 24. a5 b5 25. cxb5 e4 26. Qg3 g5 27. h4 Bf6 28. hxg5 hxg5 29. Bxg5 Kf7 30. Bxf6 Kxf6 31. Qh4+ Kg6 32. Re3 Rh8 33. Rg3+ Kf7 34. Qg5 Qd7 35. Qg7+ 1-0


[Site "https://www.chess.com"]

[Event "Titled Tuesday Blitz November 08 Late 2022"]
[White "Svane, Rasmus"]
[Black "Zakhartsov, Vladimir"]
[WhiteFideId "4657101"]
[BlackFideId "4145097"]
[WhiteElo "2674"]
[BlackElo "2525"]
[Result "1-0"]
[Round "04"]
[TimeControl "180+1"]
[Date "2022.11.08"]
[WhiteClock "0:00:18"]
[BlackClock "0:00:02"]

1. Nf3 g6 2. e4 Bg7 3. d4 d6 4. Bd3 Nf6 5. c3 Nc6 6. O-O e5 7. h3 O-O 8. Re1 Re8 9. Bc2 exd4 10. cxd4 Nb4 11. Nc3 Nxc2 12. Qxc2 h6 13. Bd2 c6 14. Rad1 Qb6 15. e5 Bf5 16. Qc1 dxe5 17. dxe5 Nd7 18. g4 Be6 19. Bxh6 Bh8 20. Bg5 Qc5 21. Qf4 Qa5 22. Ne4 Bd5 23. Nf6+ Nxf6 24. Bxf6 Bxf6 25. exf6 Bxf3 26. b4 Rxe1+ 27. Rxe1 Qd8 28. Qxf3 Qd4 29. Re7 Qxb4 30. Qe3 Qb2 31. Re8+ Rxe8 32. Qxe8+ Kh7 33. Qxf7+ Kh6 34. Qe7 Qc1+ 35. Kg2 Qc4 36. f7 Qd5+ 37. Kh2 1-0


[Site "https://www.chess.com"]

[Event "Titled Tuesday Blitz November 08 Late 2022"]
[White "Taboas Rodriguez, Daniel"]
[Black "Kamsky, Gata"]
[WhiteFideId "2208466"]
[BlackFideId "2000024"]
[WhiteElo "2329"]
[BlackElo "2666"]
[Result "0-1"]
[Round "04"]
[TimeControl "180+1"]
[Date "2022.11.08"]
[WhiteClock "0:00:19"]
[BlackClock "0:00:30"]

1. d4 f5 2. Bg5 g6 3. Nd2 Bg7 4. e4 fxe4 5. Nxe4 d5 6. Nc5 b6 7. Nb3 Nh6 8. Nf3 Nf7 9. Bh4 O-O 10. Be2 c5 11. O-O c4 12. Nbd2 Nc6 13. c3 b5 14. a3 a5 15. Re1 Rb8 16. Bf1 Bf6 17. Bg3 Rb6 18. Ne5 Nfxe5 19. dxe5 Bg7 20. Nf3 Bg4 21. Be2 Bxf3 22. Bxf3 e6 23. Bg4 Qe7 24. f4 h5 25. Bf3 Qf7 26. Qc2 Rbb8 27. Rf1 Bh6 28. Rf2 Ne7 29. Raf1 Nf5 30. Qe2 h4 31. Bxh4 Nxh4 32. Bg4 Nf5 33. Bh3 b4 34. g4 Nh4 35. axb4 axb4 36. f5 Qa7 37. Kh1 Qe3 38. fxg6 Qxe2 39. Rxe2 Rxf1+ 40. Bxf1 bxc3 41. bxc3 Rb1 42. Rf2 Be3 43. Rf7 Nxg6 44. Rf6 Nf4 0-1


[Site "https://www.chess.com"]

[Event "Titled Tuesday Blitz November 08 Late 2022"]
[White "Tan, Ralph"]
[Black "Vlassov, Nikolai"]
[WhiteFideId "30966590"]
[BlackFideId "4103360"]
[WhiteElo "2059"]
[BlackElo "2324"]
[Result "1-0"]
[Round "04"]
[TimeControl "180+1"]
[Date "2022.11.09"]
[WhiteClock "0:00:11"]
[BlackClock "0:00:18"]

1. Nf3 c5 2. g3 Nc6 3. c4 Nf6 4. Bg2 g6 5. O-O Bg7 6. Nc3 d5 7. cxd5 Nxd5 8. Nxd5 Qxd5 9. d3 Qh5 10. Qc2 O-O 11. Bd2 b6 12. Rac1 Bb7 13. a3 Rac8 14. Qa4 Rfd8 15. b4 Nd4 16. Nxd4 Bxg2 17. Kxg2 Bxd4 18. e3 Bf6 19. bxc5 bxc5 20. Qe4 Qd5 21. Ba5 Qxd3 22. Qb7 Qd5+ 23. Qxd5 Rxd5 24. Rc4 Rc6 25. Rb1 Ra6 26. Rb5 Rd3 27. a4 h5 28. h4 Ra3 29. Rbxc5 Kg7 30. Rb5 Ra2 31. Kf3 Be5 32. Rxe5 Rf6+ 33. Ke4 Raxf2 34. Rxe7 Rg2 35. Bc3 Rxg3 36. Rc6 Rg4+ 37. Kd3 Kf8 38. Bxf6 1-0


[Site "https://www.chess.com"]

[Event "Titled Tuesday Blitz November 08 Late 2022"]
[White "Terry, Renato"]
[Black "Fier, Alexandr"]
[WhiteFideId "3803457"]
[BlackFideId "2107139"]
[WhiteElo "2577"]
[BlackElo "2617"]
[Result "1-0"]
[Round "04"]
[TimeControl "180+1"]
[Date "2022.11.08"]
[WhiteClock "0:00:44"]
[BlackClock "0:01:17"]

1. e4 e5 2. Nf3 Nc6 3. c3 d5 4. Qa4 Bd7 5. exd5 Nd4 6. Qd1 Nxf3+ 7. Qxf3 Nf6 8. Bc4 Bd6 9. d3 O-O 10. Bg5 Re8 11. Bxf6 Qxf6 12. Qxf6 gxf6 13. Nd2 f5 14. O-O b5 15. Bb3 a5 16. a3 Reb8 17. Rfe1 f6 18. Nf3 Kg7 19. g3 b4 20. axb4 axb4 21. c4 Bc5 22. Kg2 Rxa1 23. Rxa1 e4 24. dxe4 fxe4 25. Nd2 f5 26. Ba4 Ra8 27. Nb3 Rxa4 28. Rxa4 Bxa4 29. Nxc5 Bd1 30. Ne6+ Kf6 31. Nxc7 Ke5 32. c5 Ba4 33. Kf1 Kd4 34. c6 Ke5 35. Ke1 Kd6 36. Na6 Kxd5 37. Nxb4+ Kc5 38. c7 Bd7 39. Nc2 Kd6 40. Kd2 Kxc7 41. Ke3 Kd6 42. Kf4 Kd5 43. Ne3+ Kd4 44. Nxf5+ Kd3 45. Nd6 Bc6 46. b4 1-0


[Site "https://www.chess.com"]

[Event "Titled Tuesday Blitz November 08 Late 2022"]
[White "Therrien, Alex L"]
[Black "Darini, Pouria"]
[WhiteFideId "412856"]
[BlackFideId "12502200"]
[WhiteElo "2214"]
[BlackElo "2483"]
[Result "0-1"]
[Round "04"]
[TimeControl "180+1"]
[Date "2022.11.09"]
[WhiteClock "0:00:02"]
[BlackClock "0:00:08"]

1. d4 Nf6 2. c4 e6 3. g3 Bb4+ 4. Bd2 Bxd2+ 5. Qxd2 O-O 6. Bg2 d5 7. Na3 Ne4 8. Qc2 Nc6 9. Nf3 Nb4 10. Qc1 a5 11. O-O c6 12. Nc2 Qb6 13. c5 Qb5 14. Re1 b6 15. Nxb4 axb4 16. cxb6 Qxb6 17. Ne5 Qxd4 18. Nd3 Ba6 19. Bxe4 dxe4 20. Qc5 Rfd8 21. Qxd4 Rxd4 22. Ne5 Rd2 23. Nxc6 Rxb2 24. Rab1 Rxb1 25. Rxb1 Bxe2 26. Rxb4 Bf3 27. a4 f5 28. Nd4 Kf7 29. Nxf3 exf3 30. Rf4 Kf6 31. g4 g5 32. Rxf3 Rxa4 33. gxf5 Rg4+ 0-1


[Site "https://www.chess.com"]

[Event "Titled Tuesday Blitz November 08 Late 2022"]
[White "Thomforde-Toates, Noah"]
[Black "Wartiovaara, Oliver"]
[WhiteFideId "30951992"]
[BlackFideId "513024"]
[WhiteElo "2615"]
[BlackElo "2213"]
[Result "1-0"]
[Round "04"]
[TimeControl "180+1"]
[Date "2022.11.09"]
[WhiteClock "0:00:13"]
[BlackClock "0:00:01"]

1. d4 Nf6 2. Nc3 d5 3. Bf4 a6 4. e3 e6 5. Nf3 Bb4 6. Bd3 c5 7. dxc5 Qa5 8. O-O Bxc3 9. bxc3 Nbd7 10. c4 Qxc5 11. cxd5 Nxd5 12. Bg3 O-O 13. Nd4 N5f6 14. Ne2 Ne5 15. Rb1 b5 16. Nd4 Nxd3 17. cxd3 e5 18. Nb3 Qe7 19. d4 Bf5 20. dxe5 Ne4 21. Rc1 Nxg3 22. hxg3 Qxe5 23. Qd4 Qe7 24. Qf4 Bd3 25. Rfd1 Bc4 26. Rd4 Rfd8 27. Rcd1 Rxd4 28. Rxd4 Rd8 29. Na5 Rxd4 30. exd4 Bxa2 31. Qb8+ Qf8 32. Qb6 g6 33. Qxa6 b4 34. Qb7 Qd8 35. Nc6 Qd6 36. d5 Bxd5 37. Ne7+ 1-0


[Site "https://www.chess.com"]

[Event "Titled Tuesday Blitz November 08 Late 2022"]
[White "Torres Boch, Jose Francisco"]
[Black "Tokhirjonova, Gulrukhbegim"]
[WhiteFideId "2278383"]
[BlackFideId "14203626"]
[WhiteElo "2073"]
[BlackElo "2236"]
[Result "0-1"]
[Round "04"]
[TimeControl "180+1"]
[Date "2022.11.09"]
[WhiteClock "0:00:01"]
[BlackClock "0:00:24"]

1. e4 e5 2. Nf3 Nc6 3. Bb5 a6 4. Ba4 Nf6 5. O-O Nxe4 6. Re1 Nc5 7. Bxc6 dxc6 8. d4 Ne6 9. dxe5 Qxd1 10. Rxd1 Bc5 11. Nc3 O-O 12. Ne4 Be7 13. b3 h6 14. Bb2 c5 15. c4 b6 16. Nc3 Re8 17. Nd5 Bf8 18. Nh4 Bb7 19. Nf5 Rad8 20. Nfe3 Rc8 21. f4 b5 22. f5 Ng5 23. a4 b4 24. Kf2 Rcd8 25. h4 Ne4+ 26. Kf3 Nc3 27. Bxc3 bxc3 28. Kf4 f6 29. e6 Bd6+ 30. Ke4 h5 31. Rac1 Be5 32. g4 hxg4 33. Nxg4 Bd4 34. h5 Bxd5+ 35. cxd5 Rb8 36. Rxd4 cxd4 37. Kxd4 Rxb3 38. Rxc3 Reb8 39. h6 R3b4+ 40. Rc4 a5 41. hxg7 Kxg7 42. Ne3 Rxc4+ 43. Kxc4 Rb4+ 44. Kc5 Rxa4 45. d6 cxd6+ 46. Kxd6 Re4 47. Nd5 a4 48. Nc7 a3 49. e7 Rxe7 50. Kxe7 a2 51. Ne8+ Kh6 52. Nxf6 a1=Q 53. Nd7 Qg7+ 54. Ke6 Qg8+ 55. Ke7 Qh7+ 56. Ke6 Kg5 57. f6 Qe4+ 58. Kf7 Qd5+ 59. Ke7 Kg6 60. Nf8+ Kh6 61. Nd7 Qe4+ 62. Kf7 Qb7 63. Ke6 Qb3+ 64. Ke7 Qa3+ 0-1


[Site "https://www.chess.com"]

[Event "Titled Tuesday Blitz November 08 Late 2022"]
[White "Tymrakiewicz, Rafal"]
[Black "Sibilio, Mario"]
[WhiteFideId "1108832"]
[BlackFideId "800422"]
[WhiteElo "2138"]
[BlackElo "2251"]
[Result "0-1"]
[Round "04"]
[TimeControl "180+1"]
[Date "2022.11.09"]
[WhiteClock "0:00:18"]
[BlackClock "0:00:05"]

1. d4 Nf6 2. Bg5 c6 3. Nd2 d5 4. e3 Bf5 5. Bxf6 exf6 6. Bd3 Qd7 7. Bxf5 Qxf5 8. Ngf3 Bd6 9. c4 O-O 10. Qb1 Qe6 11. Qc2 f5 12. O-O Nd7 13. Rae1 Nf6 14. Ng5 Qd7 15. f4 Ne4 16. Ngxe4 fxe4 17. c5 Bc7 18. b4 f5 19. Rb1 a6 20. a4 h6 21. b5 axb5 22. axb5 g5 23. g3 gxf4 24. gxf4 Ra3 25. Rb3 Rxb3 26. Nxb3 cxb5 27. Kh1 Kh7 28. Rg1 Rg8 29. Rxg8 Kxg8 30. Qe2 Kh7 31. Qh5 Qe6 32. Kg2 Bd8 33. Kf2 Qg6 34. Qxg6+ Kxg6 35. Nc1 Ba5 36. Nb3 Bc3 37. Ke2 Kh5 38. Kd1 Kg4 39. Kc2 Be1 40. Kd1 Bb4 41. Nc1 Kf3 42. Na2 Ba5 43. Nc1 Kxe3 44. Nb3 Bc7 45. c6 bxc6 46. Nc5 Bb6 47. Ne6 Bxd4 48. Ng7 Bxg7 49. Kc2 d4 50. Kb3 d3 51. h4 d2 52. Kc2 d1=Q+ 53. Kxd1 Kf2 54. h5 e3 55. Kc2 e2 56. Kb3 e1=Q 57. Kc2 Qe2+ 58. Kb3 Qc4+ 59. Ka3 b4+ 60. Ka4 b3+ 61. Ka5 b2 62. Kb6 b1=Q+ 63. Kc7 Qf7+ 64. Kd6 Bf8+ 65. Ke5 Qe4# 0-1


[Site "https://www.chess.com"]

[Event "Titled Tuesday Blitz November 08 Late 2022"]
[White "Van Dael, Siem"]
[Black "Annaberdiyev, Babageldi"]
[WhiteFideId "1049771"]
[BlackFideId "14000385"]
[WhiteElo "2287"]
[BlackElo "2332"]
[Result "1/2-1/2"]
[Round "04"]
[TimeControl "180+1"]
[Date "2022.11.09"]
[WhiteClock "0:00:03"]
[BlackClock "0:00:33"]

1. e4 e6 2. d4 d5 3. Nc3 Nf6 4. Bg5 Be7 5. e5 Nfd7 6. Bxe7 Qxe7 7. Qg4 O-O 8. Bd3 f5 9. exf6 Nxf6 10. Qh4 Nc6 11. Nf3 Bd7 12. O-O-O Rae8 13. Rhe1 Nb4 14. Ne5 Nxd3+ 15. Rxd3 c5 16. Nxd7 Qxd7 17. dxc5 e5 18. Qa4 Qxa4 19. Nxa4 d4 20. Rb3 Rf7 21. f3 Nd5 22. Kd2 Nf4 23. g3 Ng6 24. f4 e4 25. Rb4 Rd7 26. c6 bxc6 27. Nc5 e3+ 28. Kd3 Rd5 29. Rc4 Red8 30. b4 Ne7 31. g4 Ng6 32. Rf1 Re8 33. Rxd4 Rxd4+ 34. Kxd4 e2 35. Re1 Nxf4 36. Ne4 h6 37. Ng3 g5 38. c4 Kh7 39. b5 cxb5 40. cxb5 Kg6 41. a4 Rd8+ 42. Kc4 Rd1 43. Rxe2 Nxe2 44. Nxe2 Rd2 45. Nd4 Rxh2 46. Nc6 Ra2 47. Kb3 Rg2 48. Nxa7 Rxg4 49. b6 Rf4 50. b7 Rf8 51. Nc6 g4 52. a5 g3 53. a6 g2 54. a7 g1=Q 55. b8=Q Rxb8+ 56. axb8=Q Qb1+ 57. Kc4 Qxb8 58. Nxb8 h5 59. Nc6 h4 60. Ne5+ Kf5 61. Nf3 h3 62. Nh2 Kf4 63. Kd3 Kg3 64. Nf1+ Kg2 65. Ke2 h2 66. Nxh2 1/2-1/2


[Site "https://www.chess.com"]